 Dungeon Crawl Stone Soup version 0.24.0-37-gcf1ca852f1 (webtiles) character file.

Game seed: 3340178985006375443, levelgen mode: deterministic

1248 Delamore the Cleaver (level 8, -2/63 (64) HPs)
             Began as a Hill Orc Fighter on Nov 23, 2019.
             Was a Follower of Okawaru.
             Slain by an orc
             ... wielding a +0 flail
              (6 damage)
             ... on level 8 of the Dungeon.
             The game lasted 00:05:41 (4461 turns).

Delamore the Cleaver (Hill Orc Fighter)             Turns: 4461, Time: 00:05:42

HP:   -2/63 (64)    AC:  9    Str: 26    XL:     8   Next: 50%
MP:   8/8           EV:  7    Int:  8    God:    Okawaru [*.....]
Gold: 307           SH:  9    Dex: 10    Spells: 7/7 levels left

rFire    + . .     SeeInvis +   a - +0 war axe
rCold    . . .     Gourm    .   c - +0 shield
rNeg     . . .     Faith    .   b - +0 scale mail
rPois    .         Spirit   .   q - +0 helmet
rElec    .         Reflect  .   y - +0 cloak
rCorr    .         Harm     .   (no gloves)
MR       .....                  (no boots)
Stlth    ..........             (no amulet)
HPRegen  0.20/turn              E - ring of see invisible
MPRegen  0.11/turn              C - ring of protection from fire

@: mighty
A: no striking features
a: Heroism, Renounce Religion


You were on level 8 of the Dungeon.
You worshipped Okawaru.
Okawaru was aware of your devotion.
You were not hungry.

You visited 1 branch of the dungeon, and saw 7 of its levels.

You collected 307 gold pieces.

Inventory:

Hand Weapons
 a - a +0 war axe (weapon)
Missiles
 i - 8 boomerangs (quivered)
Armour
 b - a +0 scale mail (worn)
 c - a +0 shield (worn)
 q - a +0 helmet (worn)
 y - a +0 cloak (worn)
 G - a +0 plate armour
Jewellery
 j - an uncursed ring of positive energy
 C - a ring of protection from fire (right hand)
 E - a ring of see invisible (left hand)
Wands
 p - a wand of random effects (17)
 t - a wand of paralysis (6)
 B - a wand of iceblast (13)
 I - a wand of polymorph (10)
Scrolls
 g - 3 scrolls of immolation {unknown}
 h - 7 scrolls of identify {unknown}
 k - 2 scrolls of teleportation {unknown}
 m - 2 scrolls of noise {unknown}
 o - a scroll of fear {unknown}
 r - a scroll of fog {unknown}
 s - 4 scrolls of enchant armour {unknown}
 w - a scroll of enchant weapon {unknown}
 D - a scroll of magic mapping {unknown}
 F - a scroll of amnesia {unknown}
 H - 2 scrolls of remove curse {unknown}
Potions
 d - a potion of might
 e - 2 potions of flight {unknown}
 l - a potion of invisibility
 n - 2 potions of agility {unknown}
 u - 3 potions of degeneration {unknown}
 v - a potion of heal wounds {unknown}
 x - a potion of curing {unknown}
 z - a potion of lignification {unknown}
 A - a potion of brilliance {unknown}
 J - a potion of berserk rage {unknown}
Comestibles
 f - 10 rations
 K - 8 chunks of flesh


   Skills:
 - Level 3.6 Fighting
 + Level 12.8 Axes
 - Level 3.2 Armour
 - Level 3.2 Shields


You had 7 spell levels left.
You didn't know any spells.
Your spell library contained the following spells:

 Spells                   Type           Power        Failure   Level  Hunger
 Beastly Appendage        Tmut           #.....       99%         1    ##.....
 Sticks to Snakes         Tmut           #.......     100%        2    ###....
 Spider Form              Tmut/Pois      #.........   100%        3    ####...
 Ice Form                 Ice/Tmut       #.......     100%        4    #####..
 Blade Hands              Tmut           #.........   100%        5    ######.


Dungeon Overview and Level Annotations

Branches:
Dungeon (6/15)             Temple (0/1) D:5

Altars:
Dithmenos
Gozag
Makhleb
Nemelex Xobeh
Okawaru
Ru
Yredelemnul
Zin


Message History

You block the orc's attack.
You see here a +0 hand axe.
You hit the orc.
The orc is lightly wounded.
You block the orc's attack.
You closely miss the orc.
The orc is lightly wounded.
The orc hits you but does no damage.
You barely miss the orc.
The orc is lightly wounded.
You closely miss the orc.
The orc is lightly wounded.
The orc hits you but does no damage.
You closely miss the orc.
The orc is lightly wounded.
You block the orc's attack.
You barely miss the orc.
The orc is lightly wounded.
The orc hits you with a +0 flail.
You die...

# .## ..# ..# ..
### ### #.##.##
#.#.. ..#..# ..##.#
#.##)## #o.#..
#..#@.# ##.##.#
##.##o# ...l#..
###la...#
.##.##.####...#####
. #..#..#..o###
##.##...###
#.....### #...#####
..##


You could see an orc.

Vanquished Creatures
  Eustachio (D:4)
  2 orc warriors (D:8)
  A necrophage (D:3)
  2 bullfrogs
  2 scorpions
  3 crimson imps
  A centaur zombie (D:5)
  3 hounds (D:4)
  2 orc priests (D:5)
  2 iguanas
  4 worker ants
  Robin (D:2)
  A gnoll (D:4)
  A howler monkey skeleton (D:4)
  3 adders
  An ooze (D:1)
  An adder zombie (D:6)
  2 worms
  2 dart slugs
  5 leopard geckos
  13 orcs
  A ball python (D:3)
  A giant cockroach (D:4)
  19 goblins
  5 hobgoblins
  4 jackals (D:3)
  3 quokkas
  10 bats
  3 frilled lizards
  7 kobolds
  9 rats
115 creatures vanquished.

Notes
Turn   | Place    | Note
-------+----------+-------------------------------------------
     0 | D:1      | Delamore the Hill Orc Fighter began the quest for the Orb.
     0 | D:1      | Reached XP level 1. HP: 19/19 MP: 1/1
    66 | D:1      | Reached skill level 3 in Axes
   253 | D:1      | Reached XP level 2. HP: 24/26 MP: 2/2
   326 | D:1      | Reached skill level 4 in Axes
   454 | D:1      | Reached XP level 3. HP: 31/31 MP: 3/3
   776 | D:2      | Reached skill level 5 in Axes
   989 | D:2      | Noticed Robin
  1002 | D:2      | Killed Robin
  1002 | D:2      | Reached XP level 4. HP: 11/39 MP: 4/4
  1337 | D:2      | Reached skill level 6 in Axes
  1387 | D:2      | Noticed a bullfrog
  1396 | D:2      | Killed a bullfrog
  1396 | D:2      | Reached skill level 7 in Axes
  1396 | D:2      | Reached XP level 5. HP: 40/45 MP: 5/5
  1769 | D:3      | Reached skill level 8 in Axes
  1769 | D:3      | Reached XP level 6. HP: 45/51 MP: 6/6
  1926 | D:3      | Noticed a necrophage
  1936 | D:3      | Killed a necrophage
  1936 | D:3      | Reached skill level 9 in Axes
  2237 | D:4      | Found a burning altar of Makhleb.
  2266 | D:4      | Reached XP level 7. HP: 44/56 MP: 7/7
  2374 | D:4      | Noticed Eustachio
  2395 | D:4      | Killed Eustachio
  2395 | D:4      | Reached skill level 10 in Axes
  2643 | D:4      | Found an iron altar of Okawaru.
  2649 | D:4      | Became a worshipper of Warmaster Okawaru
  2700 | D:4      | Found an opulent altar of Gozag.
  2931 | D:4      | Found a basalt altar of Yredelemnul.
  3006 | D:4      | Reached skill level 11 in Axes
  3282 | D:5      | Entered Level 5 of the Dungeon
  3317 | D:5      | Found a glowing silver altar of Zin.
  3442 | D:5      | Found a staircase to the Ecumenical Temple.
  3450 | D:5      | Reached XP level 8. HP: 63/63 MP: 8/8
  3507 | D:5      | Found a sacrificial altar of Ru.
  3514 | D:5      | Found a shadowy altar of Dithmenos.
  4078 | D:5      | Reached skill level 12 in Axes
  4144 | D:5      | Found a sparkling altar of Nemelex Xobeh.
  4384 | D:6      | You fall into a shaft and drop 2 floors!
  4442 | D:8      | Reached * piety under Okawaru
  4443 | D:8      | HP: 3/63 [iguana (5)]
  4451 | D:8      | HP: 3/63 [poisoned by a worker ant]
  4461 | D:8      | Slain by an orc

Levels and vault maps discovered:
D:1:      dpeg_arrival_shelter, layout_basic
D:2:      layout_loops_ring, first_ration, uniq_robin
D:3:      layout_basic
D:4:      minmay_spotlight, layout_loops_corners, lemuel_doored_altar,
          lemuel_round_altar, marbit_many_paths, kennysheep_little_box,
          uniq_eustachio
D:5:      layout_loops_cross, old_standard_altar, grunt_temple_overflow_open,
          minmay_temple_entry_waves, minmay_crystal_water,
          nemelex_spade_bored_becter
D:6:      gammafunk_wand_slinger, layout_cave_pools, uniq_edmund
D:8:      minmay_skewed_foursquare, layout_rooms

Skill      XL: |  1  2  3  4  5  6  7  8 |
---------------+-------------------------+-----
Axes           | 3 4 5 7 8 9 11 12 | 12.8
Fighting       | |  3.6
Armour         | |  3.2
Shields        | |  3.2

Action                   |  1- 3 |  4- 6 |  7- 9 || total
-------------------------+-------+-------+-------++-------
Melee: War axe           |    91 |   139 |   143 ||   373
  Use: Potion            |       |       |     1 ||     1
  Eat: Chunk             |       |     5 |     7 ||    12
Armor: Scale mail        |    45 |    56 |    39 ||   140
Dodge: Dodged            |    28 |    39 |    33 ||   100
Block: Shield            |    44 |    60 |    47 ||   151
